 Dungeon Crawl Stone Soup version 0.26-a0-818-g75db068ed4 (webtiles) character file.

Game seed: 4369727622289543490

445 marklar909 the Changer (level 6, -5/51 HPs)
             Began as a Draconian Transmuter on Nov 14, 2020.
             Killed from afar by an orc wizard (10 damage)
             ... with a magic dart
             ... on level 4 of the Dungeon.
             The game lasted 00:07:24 (4992 turns).

marklar909 the Changer (Draconian Transmuter)       Turns: 4992, Time: 00:07:24

Health: -5/51      AC:  7    Str: 10 (12) XL:     6   Next: 72%
Magic:  9/9        EV: 13    Int: 12 (14) God:
Gold:   240        SH:  0    Dex: 11 (13) Spells: 3/9 levels left

rFire    + + .     SeeInvis .     - Unarmed
rCold    + . .     Faith    .   (no shield)
rNeg     . . .     Spirit   .   (armour unavailable)
rPois    +         Reflect  .   (helmet restricted)
rElec    +         Harm     .   (no cloak)
rCorr    +         Rampage  .   (no gloves)
MR       .....                  d - +0 pair of boots
Stlth    +.........             (no amulet)
HPRegen  0.17/turn              (no ring)
MPRegen  0.11/turn              (no ring)

@: brilliant, resistant
A: unfitting armour, fire resistance 1, cold-blooded, subdued magic 1,
MP-powered wands, AC +6
a: no special abilities


You were on level 4 of the Dungeon.
You visited 1 branch of the dungeon, and saw 5 of its levels.

You collected 240 gold pieces.

Inventory:

Armour
 d - a +0 pair of boots (worn)
Jewellery
 k - an uncursed ring of ice
 n - an uncursed amulet of the acrobat {unknown}
 p - an uncursed ring of magical power {unknown}
 v - a cursed ring of attention {unknown}
 y - a +4 ring of slaying {unknown}
Wands
 o - a wand of enslavement (13)
 x - a wand of iceblast (9)
 z - a wand of acid (8)
Scrolls
 b - a scroll of remove curse {unknown}
 c - 2 scrolls of noise
 e - 5 scrolls of identify
 g - a scroll of fear
 j - a scroll of teleportation
 q - a scroll of immolation {unknown}
 r - a scroll of amnesia {unknown}
 t - a scroll of enchant armour {unknown}
 u - a scroll of fog {unknown}
Potions
 a - a potion of resistance
 f - 2 potions of degeneration
 h - a potion of curing
 i - 2 potions of magic
 l - a potion of heal wounds {unknown}
 m - a potion of attraction {unknown}
 s - 3 potions of brilliance


   Skills:
 * Level 3.0 Fighting
 * Level 3.6 Dodging
 + Level 0.7 Stealth
 + Level 4.2 Unarmed Combat
 - Level 2.0 Spellcasting
 * Level 4.6 Transmutations
 + Level 0.3 Poison Magic


You had 3 spell levels left.
You knew the following spells:

 Your Spells              Type           Power        Failure   Level
a - Beastly Appendage     Tmut           ##....       3%          1
b - Wereblood             Tmut           ##......     4%          2
c - Spider Form           Tmut/Pois      #.........   24%         3

Your spell library contained the following spells:

 Spells                   Type           Power        Failure   Level
 Ice Form                 Ice/Tmut       #.......     67%         4
 Blade Hands              Tmut           ##........   71%         5


Dungeon Overview and Level Annotations

Branches:
Dungeon (5/15)
 Temple: D:4-7

Altars:
Dithmenos
Hepliaklqana
Nemelex Xobeh

Annotations:
D:5 Prince Ribbit


Innate Abilities, Weirdness & Mutations

Your plain brown scales are hard. (AC +6)
You cannot fit into any form of body armour.
You are cold-blooded and may be slowed by cold attacks.
Your flesh is heat resistant. (rF+)
Your spells are a little easier to cast, but a little less powerful.
You expend magic power (3 MP) to strengthen your wands.


Message History

Something barely misses you.
The orc wizard gestures at you while chanting.
The magic dart hits something!
You hear some strange, mumbled words.
A puff of flame appears from out of thin air!
The puff of flame hits you. You resist.
* * * LOW HITPOINT WARNING * * *
The orc wizard casts a spell at you.
The magic dart hits something!
Reactivating autopickup.
There is a stone staircase leading up here.
The orc wizard mumbles some strange words.
The orc wizard blinks!
You climb upwards.
There is a stone staircase leading down, spattered with blood here.
There are monsters nearby!
There are monsters nearby!
The orc wizard gestures at you while chanting.
The magic dart hits you!
You die...

#..# #..# ####
#..####....
#..#.......
###..........
##....>....o..
#.............
##...o.o......
#...@..o.....
#............
##...........
#...........
#...........
##.........
#..........
#..........
#.........


You could see an orc warrior, 2 orc wizards and an orc.

Vanquished Creatures
  A bullfrog zombie (D:5)
  2 hounds (D:5)
  An orc priest (D:4)
  A bullfrog skeleton (D:5)
  A worker ant (D:5)
  An iguana (D:5)
  3 orc wizards (D:5)
  A killer bee zombie (D:5)
  2 adders
  A shadow imp (D:5)
  A white imp (D:5)
  An ooze (D:1)
  2 adder skeletons
  3 worms
  4 dart slugs
  4 leopard geckos
  8 orcs
  5 giant cockroaches (D:5)
  4 hobgoblins
  4 jackals (D:1)
  A quokka (D:2)
  11 bats
  3 frilled lizards
  5 goblins
  5 kobolds
  9 rats
84 creatures vanquished.

Vanquished Creatures (others)
  An orc wizard (D:5)
1 creature vanquished.

Grand Total: 85 creatures vanquished

Notes
Turn   | Place    | Note
-------+----------+-------------------------------------------
     0 | D:1      | marklar909 the Draconian Transmuter began the quest for the
                  | Orb.
     0 | D:1      | Reached XP level 1. HP: 16/16 MP: 3/3
   241 | D:1      | Reached XP level 2. HP: 23/23 MP: 5/5
   255 | D:1      | Learned a level 2 spell: Wereblood
   579 | D:1      | Reached XP level 3. HP: 28/28 MP: 0/6
  1162 | D:2      | Learned a level 3 spell: Spider Form
  1768 | D:2      | Reached XP level 4. HP: 22/35 MP: 3/7
  2579 | D:3      | Found a shadowy altar of Dithmenos.
  3099 | D:4      | Found a hazy altar of Hepliaklqana.
  3185 | D:4      | Found a sparkling altar of Nemelex Xobeh.
  3351 | D:4      | Reached XP level 5. HP: 40/41 MP: 4/8
  3413 | D:4      | Noticed an orc warrior
  3416 | D:5      | Entered Level 5 of the Dungeon
  3416 | D:5      | Found a hazy altar of Hepliaklqana.
  3978 | D:5      | Reached XP level 6. HP: 12/50 MP: 7/9
  4501 | D:5      | Noticed Prince Ribbit
  4986 | D:5      | Gained mutation: Scrolls take you a little longer to read.
                  | [potion of mutation]
  4986 | D:5      | Gained mutation: You expend magic power (3 MP) to
                  | strengthen your wands. [potion of mutation]
  4986 | D:5      | Gained mutation: You are frail. (-10% HP) [potion of
                  | mutation]
  4986 | D:5      | Gained mutation: You are somewhat resistant to further
                  | mutation. [potion of mutation]
  4987 | D:5      | Lost mutation: You are frail. (-10% HP) [potion of
                  | mutation]
  4987 | D:5      | Lost mutation: Scrolls take you a little longer to read.
                  | [potion of mutation]
  4987 | D:5      | Lost mutation: You are somewhat resistant to further
                  | mutation. [potion of mutation]
  4987 | D:5      | Gained mutation: Your spells are a little easier to cast,
                  | but a little less powerful. [potion of mutation]
  4987 | D:5      | Gained mutation: Your flesh is heat resistant. (rF+)
                  | [potion of mutation]
  4992 | D:4      | Killed from afar by an orc wizard

Illustrated notes

Levels and vault maps discovered:
D:1:      tarquinn_simple_flora_water_d, layout_loops_ring
D:2:      layout_rooms, grunt_decor_mini_mirrors
D:3:      layout_loops_corners, grunt_dithmenos_smoke
D:4:      layout_cave_pods, kennysheep_mini, nicolae_overflow_hidden_temple,
          nrook_uturn, okawaru_trees_1
D:5:      layout_loops_ring, portal_sewer_entry_f, basic_altar,
          minmay_misc_feat_encased, uniq_prince_ribbit1

Skill      XL: |  1  2  3  4  5  6 |
---------------+-------------------+-----
Dodging        | 2 3 |  3.6
Transmutations | 3 4 |  4.6
Fighting       | 2 3 |  3.0
Unarmed Combat | 4 |  4.2
Stealth        | |  0.7
Spellcasting   | |  2.0
Poison Magic   | |  0.3

Action                   |  1- 3 |  4- 6 || total
-------------------------+-------+-------++-------
Melee: Unarmed           |   103 |   168 ||   271
       Kick              |    25 |    29 ||    54
       Headbutt          |    14 |    18 ||    32
       Tailslap          |    10 |    22 ||    32
       Punch             |     1 |     2 ||     3
 Cast: Beastly Appendage |    27 |    22 ||    49
       Wereblood         |    18 |    22 ||    40
       Spider Form       |       |     5 ||     5
  Use: Potion            |       |     7 ||     7
       Scroll            |       |     4 ||     4
Armor: Skin              |    29 |    33 ||    62
Dodge: Dodged            |    64 |   120 ||   184

Table legend: (Time is in decaauts)
 A = Elapsed time spent in this place.
 B = Non-inter-level travel time spent in this place.
 C = Inter-level travel time spent in this place.
 D = Time resting spent in this place.
 E = Time spent auto-exploring this place.
 F = Levels seen in this place.
 G = Mean time per level.
                   A        B        C        D        E       F      G
               +--------+--------+--------+--------+--------+-----+--------+
         Total |   4985 |   4874 |    111 |    438 |   3678 |   5 |  997.0 |
       Dungeon |   4985 |   4874 |    111 |    438 |   3678 |   5 |  997.0 |
               +--------+--------+--------+--------+--------+-----+--------+

Top non-repeatable levels by time:
     D:5: 1575 daAuts
     D:3: 1016 daAuts
     D:1: 1011 daAuts
     D:2: 1008 daAuts
     D:4: 373 daAuts
